 Dungeon Crawl Stone Soup version 0.27-a0-1137-g3ef0f4ec91 (webtiles) character file.

Game seed: 5132024591965124546

1876 leviel the Cudgeller (level 9, -1/56 HPs)
             Began as a Gargoyle Fighter on May 6, 2021.
             Slain by a yak (8 damage)
             ... on level 6 of the Dungeon.
             The game lasted 00:08:01 (7330 turns).

leviel the Cudgeller (Gargoyle Fighter)             Turns: 7330, Time: 00:08:01

Health: -1/56      AC: 14    Str: 26    XL:     9   Next: 14%
Magic:  9/9        EV: 12    Int:  9    God:
Gold:   309        SH: 10    Dex:  6    Spells: 8/8 levels left

rFire    . . .     SeeInvis .   w - +6 long sword of Ravage {holy, rCorr Str+4 Dex-4}
rCold    . . .     Faith    .   c - +0 kite shield
rNeg     + . .     Spirit   .   b - +0 scale mail
rPois    ∞         Reflect  .   f - +0 hat
rElec    +         Harm     .   (no cloak)
rCorr    +         Rampage  .   (no gloves)
Will     .....                  (no boots)
Stlth    ..........             (no amulet)
HPRegen  0.18/turn              k - +4 ring of evasion
MPRegen  0.11/turn              (no ring)

@: no status effects
A: sickness immunity, AC +6, negative energy resistance 1, electricity
resistance, torment resistance 1, unbreathing 1, petrification resistance
a: no special abilities


You were on level 6 of the Dungeon.
You visited 2 branches of the dungeon, and saw 8 of its levels.

You collected 309 gold pieces.

Inventory:

Hand Weapons
 a - a +0 flail
 w - the +6 long sword of Ravage (weapon) {holy, rCorr Str+4 Dex-4}
   (You found it on level 6 of the Dungeon)

   It has been blessed by the Shining One to cause great damage to the undead
   and demons.
   It affects your strength (+4).
   It affects your dexterity (-4).
   It protects you from acid and corrosion.
Armour
 b - a +0 scale mail (worn)
 c - a +0 kite shield (worn)
 f - a +0 hat (worn)
Jewellery
 k - a +4 ring of evasion (left hand)
 l - a ring of magical power
 m - a ring of positive energy
 v - a ring of protection from fire
 B - a ring of magical power
Wands
 t - a wand of digging (5)
 y - a wand of flame (23)
Scrolls
 i - 3 scrolls of magic mapping
 p - 2 scrolls of teleportation
 u - 2 scrolls of vulnerability {unknown}
 x - a scroll of acquirement {unknown}
 A - a scroll of amnesia
Potions
 d - a potion of might
 e - 2 potions of magic
 g - a potion of haste
 h - a potion of attraction {unknown}
 j - 4 potions of heal wounds {unknown}
 n - a potion of cancellation {unknown}
 o - a potion of mutation {unknown}
 q - a potion of curing {unknown}
 s - a potion of brilliance {unknown}
 z - a potion of ambrosia {unknown}
Miscellaneous
 r - a phantom mirror


   Skills:
 * Level 6.6 Fighting
 + Level 1.6 Long Blades
 + Level 6.9 Maces & Flails
 + Level 6.0 Armour
 + Level 2.4 Dodging
 + Level 0.5 Stealth
 + Level 6.1 Shields


You had 8 spell levels left.
You didn't know any spells.
Your spell library contained the following spells:

 Spells                   Type           Power      Damage    Failure   Level
 Shock                    Conj/Air       0%         1d3       95%         1
 Summon Small Mammal      Summ           0%         N/A       95%         1
 Static Discharge         Conj/Air       0%         N/A       99%         2
 Swiftness                Air            0%         N/A       100%        3
 Airstrike                Air            0%         N/A       100%        4
 Lightning Bolt           Conj/Air       0%         1d11      100%        5


Dungeon Overview and Level Annotations

Branches:
Dungeon (7/15)             Temple (1/1) D:6

Altars:
Ashenzari
Cheibriados
Dithmenos
Elyvilon
Fedhas
Gozag
Hepliaklqana
Makhleb
Nemelex Xobeh
Okawaru
Qazlal
Ru
Sif Muna
Trog
Uskayaw
Vehumet
Xom
Yredelemnul
Zin
The Shining One
Lugonu

Shops:
D:4 (

Annotations:
D:5 2 transporters, porpoise's ghost, amateur DjVM


Innate Abilities, Weirdness & Mutations

You are immune to sickness and miasma.
Your stone body is resilient. (AC +6)
You are immune to poison.
You resist negative energy. (rN+)
You are resistant to electric shocks. (rElec)
You are resistant to unholy torment.
You can survive without breathing.
You are immune to petrification.


Message History

The scorpion is severely wounded.
You hit the scorpion.
You kill the scorpion!
The yak snorts and paws the ground.
You block the yak's attack.
Your Long Blades skill increases to level 1!
Your Shields skill increases to level 6!
You slash the yak!
The yak is lightly wounded.
The yak gores you but does no damage.
You slash the yak!
The yak is heavily wounded.
The yak gores you. You block the yak's attack.
You barely miss the yak.
The yak is heavily wounded.
You block the yak's attack.
You slash the yak!
The yak is almost dead.
The yak barely misses you. x2; You riposte.
You hit the yak.
The yak is almost dead.
You slash the yak!
You kill the yak!
The yak gores you but does no damage.
Your Armour skill increases to level 6!
You slash the yak!
The yak is heavily wounded.
The yak gores you.
You slash the yak!
The yak is severely wounded.
The yak gores you!
* * * LOW HITPOINT WARNING * * *
The yak gores you.
* * * LOW HITPOINT WARNING * * *
You hit the yak.
The yak is severely wounded.
The yak gores you but does no damage.
You slash the yak!
The yak is almost dead.
You block the yak's attack. The yak gores you!
You die...

.##..............................
.................................
...###..........................#
.### ##.....................>...#
.# ##....................##### .#
#####..###......####...... .#
#########..##.<.......######## .#
#.....#....##Y##...#.....#.... .#
#.....#.##.##@##.#.>.......##♣ ##
#.......##....#...........## ♣ #
#............#..##...#....# #
#..............#..#.#.....# #
#.....#....##..#....#..#..# #
#.....#.........#....##...# ♣ #
#.....#...........)>......# ♣ #
#.....#.........##....#...# ♣♣
####.........(#...#..#....#..# ♣.


You could see a yak.

Vanquished Creatures
  Sigmund (D:3)
  A yak (D:6)
  Menkaure (D:4)
  2 ice beasts
  3 ogres
  A centaur (D:5)
  A kobold brigand (D:6)
  2 bullfrogs
  A water moccasin zombie (D:5)
  A scorpion (D:6)
  3 killer bees (D:6)
  A bullfrog skeleton (D:6)
  A jelly (D:4)
  A gnoll shaman (D:6)
  4 hounds
  An iguana (D:5)
  A killer bee zombie (D:5)
  A hound skeleton (D:4)
  5 gnolls
  5 adders
  2 white imps
  An adder zombie (D:5)
  4 worms
  2 dart slugs
  2 orcs
  5 ball pythons
  3 bats
  4 endoplasms
  5 giant cockroaches
  2 goblins (D:4)
  6 hobgoblins
  9 jackals
  6 quokkas
  3 frilled lizards (D:1)
  11 kobolds
  3 rats (D:3)
105 creatures vanquished.

Vanquished Creatures (collateral kills)
  A scorpion (D:3)
  A frilled lizard (D:3)
2 creatures vanquished.

Grand Total: 107 creatures vanquished

Notes
Turn   | Place    | Note
-------+----------+-------------------------------------------
     0 | D:1      | leviel the Gargoyle Fighter began the quest for the Orb.
     0 | D:1      | Reached XP level 1. HP: 14/14 MP: 1/1
   555 | D:1      | Reached XP level 2. HP: 20/20 MP: 2/2
   885 | D:1      | Reached XP level 3. HP: 24/24 MP: 3/3
  1165 | D:1      | Found a faded altar of an unknown god.
  1836 | D:2      | Found a sacrificial altar of Ru.
  1963 | D:2      | Reached XP level 4. HP: 29/29 MP: 4/4
  2500 | D:3      | Found a sacrificial altar of Ru.
  2802 | D:3      | Noticed a scorpion
  2812 | D:3      | Killed a scorpion
  2813 | D:3      | Reached XP level 5. HP: 32/33 MP: 5/5
  2829 | D:3      | Found a shimmering blue altar of Sif Muna.
  2845 | D:3      | Identified Sif Muna's Catalogue of Summoning
  2856 | D:3      | Reached skill level 1 in Dodging
  3049 | D:3      | Found a bloodstained altar of Trog.
  3355 | D:3      | Noticed Sigmund
  3366 | D:3      | Killed Sigmund
  3367 | D:3      | Reached XP level 6. HP: 8/39 MP: 6/6
  4139 | D:4      | Found Hogurot's Antique Weapon Emporium.
  4182 | D:4      | Noticed Menkaure
  4193 | D:4      | Killed Menkaure
  4194 | D:4      | Reached skill level 5 in Fighting
  4194 | D:4      | Reached XP level 7. HP: 33/44 MP: 7/7
  4341 | D:4      | Reached skill level 5 in Maces & Flails
  5109 | D:4      | Reached skill level 5 in Armour
  5247 | D:4      | Found a snail-covered altar of Cheibriados.
  5428 | D:5      | Entered Level 5 of the Dungeon
  5502 | D:5      | Reached XP level 8. HP: 36/50 MP: 8/8
  6094 | D:5      | Found a radiant altar of Vehumet.
  6132 | D:5      | Found a shadowy altar of Dithmenos.
  6180 | D:5      | Reached skill level 5 in Shields
  6445 | D:5      | Found a transporter.
  6448 | D:5      | Noticed porpoise's ghost (amateur DjVM)
  6451 | D:5      | Identified the +4 dire flail of Calamity {vorpal, Will+
                  | Dex+4}
  6459 | D:5      | Found a transporter.
  6517 | D:5      | Found a basalt altar of Yredelemnul.
  6518 | D:5      | Found a glowing silver altar of Zin.
  6519 | D:5      | Found an iron altar of Okawaru.
  6519 | D:5      | Found a sparkling altar of Nemelex Xobeh.
  6519 | D:5      | Found a hazy altar of Hepliaklqana.
  6520 | D:5      | Found a shimmering altar of Xom.
  6725 | D:6      | Found a staircase to the Ecumenical Temple.
  6748 | Temple   | Entered the Ecumenical Temple
  6864 | D:6      | Found a burning altar of Makhleb.
  6889 | D:6      | Identified the +6 long sword of Ravage {holy, rCorr Str+4
                  | Dex-4}
  7093 | D:6      | Found a white marble altar of Elyvilon.
  7284 | D:7      | Noticed a yak
  7284 | D:7      | Noticed a yak
  7284 | D:7      | Noticed a yak
  7284 | D:7      | Noticed a yak
  7285 | D:7      | Noticed a yak
  7320 | D:6      | Reached XP level 9. HP: 23/56 MP: 9/9
  7322 | D:6      | Reached skill level 1 in Long Blades
  7330 | D:6      | Slain by a yak

Illustrated notes

Levels and vault maps discovered:
D:1:      dpeg_arrival_three_smaller_balls, layout_basic,
          shapermc_ecumenical_altar_hornbeckon, skrybe_limestone_x
D:2:      layout_basic, basic_altar
D:3:      layout_loops_ring, nzn_overflow_gifts_of_might_and_magic,
          lemuel_crystal_altar, portal_sewer_entry_e, dk_noncrumbling_3,
          columned_hall_lemuel, solitary_fountain, uniq_sigmund
D:4:      layout_loops_ring, pf_just_have_faith, serial_shops, shop,
          minmay_fractal_squares_diagonal_5, uniq_menkaure
D:5:      layout_layer_cave, grunt_dithmenos_smoke_and_mirrors, minitemple,
          kennysheep_mini_moat, gammafunk_ghost_smash
D:6:      layout_rooms, elyvilon_altar_3, nicolae_overflow_hidden_temple,
          minmay_temple_entry_mini_moons
D:7:      layout_rooms, nicolae_overflow_crystal_walls, general_overflow_altar,
          uniq_duvessa
Temple:   corrupted_temple

Skill      XL: |  1  2  3  4  5  6  7  8  9 |
---------------+----------------------------+-----
Fighting       | 4 5 6 |  6.6
Maces & Flails | 3 4 5 6 |  6.9
Armour         | 4 5 6 |  6.0
Dodging        | 1 2 |  2.4
Shields        | 4 5 6 |  6.1
Long Blades    | 1 |  1.6
Stealth        | |  0.5

Action                   |  1- 3 |  4- 6 |  7- 9 || total
-------------------------+-------+-------+-------++-------
Melee: Flail             |   113 |   165 |   206 ||   484
       Long sword        |       |       |    40 ||    40
Evoke: Phantom mirror    |       |     1 |       ||     1
  Use: Potion            |       |     1 |       ||     1
       Scroll            |       |     7 |       ||     7
Armor: Scale mail        |    64 |    87 |   127 ||   278
Dodge: Dodged            |    37 |    92 |   177 ||   306
Block: Kite shield       |    44 |    84 |   170 ||   298
       Rpst.: Long sword |       |       |    14 ||    14

Table legend: (Time is in decaauts)
 A = Elapsed time spent in this place.
 B = Non-inter-level travel time spent in this place.
 C = Inter-level travel time spent in this place.
 D = Time resting spent in this place.
 E = Time spent auto-exploring this place.
 F = Levels seen in this place.
 G = Mean time per level.
                   A        B        C        D        E       F      G
               +--------+--------+--------+--------+--------+-----+--------+
         Total |   7564 |   7264 |    300 |   1559 |   4519 |   8 |  945.5 |
       Dungeon |   7490 |   7196 |    294 |   1559 |   4492 |   7 | 1070.0 |
        Temple |     73 |     67 |      6 |      0 |     27 |   1 |   73.0 |
               +--------+--------+--------+--------+--------+-----+--------+

Top non-repeatable levels by time:
     D:4: 1756 daAuts
     D:3: 1585 daAuts
     D:1: 1491 daAuts
     D:2: 1078 daAuts
     D:5: 933 daAuts
     D:6: 638 daAuts
  Temple: 73 daAuts
     D:7: 5 daAuts
